 Dungeon Crawl Stone Soup version 0.16.2-12-gd0ad4c3 (webtiles) character file.

42 faibistes the Cudgeler (level 3, -5/37 HPs)
             Began as an Ogre Warper on Dec 11, 2017.
             Killed by divine providence
             ... invoked by an orc priest
              (10 damage)
             ... on level 3 of the Dungeon.
             The game lasted 00:05:41 (1670 turns).

faibistes the Cudgeler (Ogre Warper)                Turns: 1670, Time: 00:05:41

Health: -5/37      AC:  4    Str: 16    XL:     3   Next: 54%
Magic:  4/6        EV: 10    Int: 13    God:
Gold:   11         SH:  0    Dex:  9    Spells: 3 memorised, 2 levels left

rFire  . . .     SeeInvis .     a - +0 mace
rCold  . . .     Clarity  .     b - +1 robe
rNeg   . . .     SustAb   .     (shield restricted)
rPois  .         Gourm    .     (helmet restricted)
rElec  .         Spirit   .     (no cloak)
rCorr  .         Warding  .     (gloves unavailable)
rMut   .         Stasis   .     (boots unavailable)
MR     .....                    (no amulet)
Stlth  +.........               (no ring)
                                (no ring)

@: not resistant to hostile enchantments, very unstealthy
A: unfitting armour, tough skin 1
a: no special abilities


You were on level 3 of the Dungeon.
You were not hungry.

You visited 1 branch of the dungeon, and saw 3 of its levels.

You collected 11 gold pieces.

Inventory:

Hand weapons
 a - a +0 mace (weapon)
Missiles
 e - 5 tomahawks of dispersal
 l - 22 stones
 p - a tomahawk (quivered)
Armour
 b - a +1 robe (worn)
Scrolls
 d - a scroll of blinking
Potions
 h - a potion of mutation {unknown}
 i - a potion of invisibility
 j - a potion of brilliance
 m - a potion of curing {unknown}
 n - a potion of heal wounds {unknown}
Books
 c - a book of Spatial Translocations

   Spells                             Type                      Level
   a - Apportation                    Translocation                1
   b - Blink                          Translocation                2
   c - Shroud of Golubria             Charms/Translocation         2
   d - Portal Projectile              Translocation                3
   e - Teleport Other                 Translocation                3
   f - Passage of Golubria            Translocation                4
Comestibles
 f - a meat ration
 g - 6 chunks of flesh
 o - a bread ration


   Skills:
 + Level 3.0 Fighting
 * Level 3.2 Maces & Flails
 * Level 1.8 Throwing
 + Level 1.0 Armour
 - Level 1.7 Dodging
 * Level 2.8 Spellcasting
 * Level 2.4 Translocations


You had 2 spell levels left.
You knew the following spells:

 Your Spells              Type           Power        Failure   Level  Hunger
a - Apportation           Tloc           #.........   10%         1    #......
c - Shroud of Golubria    Chrm/Tloc      #.........   24%         2    ###....
d - Blink                 Tloc           N/A          14%         2    ###....


Dungeon Overview and Level Annotations

Branches:
Dungeon (3/15)

Altars:


Innate Abilities, Weirdness & Mutations

You are too large for most types of armour.
You have tough skin (AC +1).


Message History

You hit the orc priest but do no damage.
The orc priest is severely wounded.
The orc priest completely misses you.
You barely miss the orc priest.
The orc priest is severely wounded.
The orc priest hits you but does no damage.
The orc priest hits you with a hand axe!
* * * LOW HITPOINT WARNING * * *
Your shroud falls apart!
The orc priest hits you with a hand axe.
* * * LOW HITPOINT WARNING * * *
You hit the orc priest.
The orc priest is almost dead.
The orc priest misses you.
You closely miss the orc priest.
The orc priest is almost dead.
The orc priest barely misses you. The worm closely misses you.
The orc priest mumbles some strange prayers to Beogh against you.
Something smites you!
You die...

#..........
#........<.#
#..........
..###...(....#
......(....##
#..........#
#....(.....####
#....ow........
#...@......####
#####..........#
#..............##
.#####.......## .
##.########....
#)##
####...).)........
...
#.....######...(..
#.##.###.# ...
#........# .


You could see a worm and an orc priest.

Vanquished Creatures
  2 giant geckos
  An orc (D:3)
  4 bats
  4 hobgoblins
  5 jackals (D:1)
  4 kobolds (D:1)
  2 ball pythons
  4 giant cockroaches
  2 giant newts (D:1)
  6 goblins
  A rat (D:1)
35 creatures vanquished.

Notes
Turn   | Place    | Note
--------------------------------------------------------------
     0 | D:1      | faibistes, the Ogre Warper, began the quest for the Orb.
     0 | D:1      | Reached XP level 1. HP: 22/22 MP: 3/3
   264 | D:1      | Reached skill level 3 in Maces & Flails
   386 | D:1      | Reached XP level 2. HP: 19/29 MP: 5/5
   401 | D:1      | Learned a level 2 spell: Blink
   404 | D:1      | Learned a level 2 spell: Shroud of Golubria
  1046 | D:1      | Reached XP level 3. HP: 34/36 MP: 6/6
  1514 | D:3      | Reached skill level 1 in Armour
  1670 | D:3      | Killed from afar by an orc priest

Action                   || total
-------------------------++-------
Melee: Mace              ||   113
Throw: Tomahawk          ||     5
       Stone             ||     1
 Cast: Shroud of Golubri ||     8
  Use: Scroll            ||     3
  Eat: Chunk             ||     3
